TOP OF THE 1ST |
Orlando Calrissian batting - Pitching for Nassau Rockets : LHP Rod Adams
|
Pitching: LHP Rod Adams
|
|
Batting: RHB Earl Godwin
|
0-0: Ball 1-0: Foul Ball, location: 2F 1-1: Foul Ball, location: 2F 1-2: Strikes out swinging
|
Batting: LHB Zack Payton
|
0-0: Called Strike 0-1: Called Strike 0-2: Ball 1-2: Ball 2-2: Strikes out swinging
|
Batting: RHB Griswold Coleman
|
0-0: Foul Ball, location: 2F 0-1: Ball 1-1: Swinging Strike 1-2: Foul Ball, location: 2F 1-2: SINGLE (Line Drive, 78S)
|
Batting: RHB Jesús Gonzáles
|
0-0: Swinging Strike 0-1: Swinging Strike 0-2: Foul Ball, location: 2F 0-2: Foul Ball, location: 2F 0-2: Ball 1-2: Strikes out swinging
|
Top of the 1st over - 0 runs, 1 hit, 0 errors, 1 left on base; Orlando 0 - Nassau 0 |
BOTTOM OF THE 1ST |
Nassau Rockets batting - Pitching for Orlando Calrissian : LHP Mark Collins
|
Pitching: LHP Mark Collins
|
|
Batting: RHB Alejandro Ramírez
|
0-0: Ball 1-0: Swinging Strike 1-1: Called Strike 1-2: Ball 2-2: SINGLE (Line Drive, 56)
|
Batting: LHB Andrew Alvarado
|
0-0: Ball 1-0: Foul Ball, location: 2F 1-1: Ball 2-1: Ball 3-1: Swinging Strike 3-2: Foul Ball, location: 2F 3-2: Foul Ball, location: 2F 3-2: Fly out, F9 (Flyball, 89S)
|
Batting: RHB Wallace Greene
|
0-0: Ball 1-0: Called Strike 1-1: Swinging Strike 1-2: Ball 2-2: Ball 3-2: SINGLE (Line Drive, 7S) Alejandro Ramírez to second Runner from 2nd tries for 3rd, SAFE, no throw
|
Batting: LHB Wilson Allen
|
0-0: Called Strike 0-1: Called Strike 0-2: Ball 1-2: Strikes out swinging
|
Batting: RHB Kenji Kudo
|
0-0: Ball 1-0: Called Strike 1-1: Ball 2-1: Called Strike 2-2: Strikes out swinging
|
Bottom of the 1st over - 0 runs, 2 hits, 0 errors, 2 left on base; Orlando 0 - Nassau 0 |
TOP OF THE 2ND |
Orlando Calrissian batting - Pitching for Nassau Rockets : LHP Rod Adams
|
Batting: RHB Júlio Negrón
|
0-0: Ball 1-0: Called Strike 1-1: Ball 2-1: Ball 3-1: Foul Ball, location: 2F 3-2: Base on Balls
|
Batting: RHB Sean White
|
0-0: Ball 1-0: Called Strike 1-1: Ball 2-1: Ball 3-1: Base on Balls Júlio Negrón to second
|
Batting: RHB Keith Sims
|
0-0: Called Strike 0-1: Foul Ball, location: 2F 0-2: Grounds into double play, 5-4-3 (Groundball, 56) Júlio Negrón to third
|
Batting: RHB José Pérez
|
0-0: Ball 1-0: Called Strike 1-1: Ball 2-1: Foul Ball, location: 2F 2-2: Strikes out swinging, 2-3 out at first.
|
Top of the 2nd over - 0 runs, 0 hits, 0 errors, 1 left on base; Orlando 0 - Nassau 0 |
BOTTOM OF THE 2ND |
Nassau Rockets batting - Pitching for Orlando Calrissian : LHP Mark Collins
|
Batting: RHB Aaron Wilson
|
0-0: Ball 1-0: Called Strike 1-1: Ball 2-1: SINGLE (Groundball, 34D)
|
Batting: LHB Dusty Wilson
|
0-0: Called Strike 0-1: Foul Ball, location: 2F 0-2: Foul Ball, location: 2F 0-2: Ball 1-2: Foul Ball, location: 2F 1-2: Foul Ball, location: 2F 1-2: Ball 2-2: Fly out, F9 (Flyball, 9LM)
|
Batting: RHB Jesús Villalobos
|
0-0: Ball 1-0: Called Strike 1-1: Ball 2-1: Fly out, F7 (Flyball, 78S)
|
Batting: RHB Ken MacDonald
|
0-0: Ball 1-0: Foul Ball, location: 2F 1-1: Foul Ball, location: 2F 1-2: Strikes out swinging
|
Bottom of the 2nd over - 0 runs, 1 hit, 0 errors, 1 left on base; Orlando 0 - Nassau 0 |
TOP OF THE 3RD |
Orlando Calrissian batting - Pitching for Nassau Rockets : LHP Rod Adams
|
Batting: RHB José Rosales
|
0-0: Foul Ball, location: 2F 0-1: Ball 1-1: Bunt for hit - play at first, batter safe!
|
Batting: RHB Earl Godwin
|
0-0: Ball 1-0: Called Strike 1-1: Ball 2-1: Grounds into double play, 4-6-3 (Groundball, 4)
|
Batting: LHB Zack Payton
|
0-0: Swinging Strike 0-1: Swinging Strike 0-2: Foul Ball, location: 2F 0-2: Strikes out swinging
|
Top of the 3rd over - 0 runs, 1 hit, 0 errors, 0 left on base; Orlando 0 - Nassau 0 |
BOTTOM OF THE 3RD |
Nassau Rockets batting - Pitching for Orlando Calrissian : LHP Mark Collins
|
Batting: RHB Alejandro Ramírez
|
0-0: Called Strike 0-1: Fly out, F9 (Flyball, 9)
|
Batting: LHB Andrew Alvarado
|
0-0: Fly out, F3 (Line Drive, 34)
|
Batting: RHB Wallace Greene
|
0-0: DOUBLE (Line Drive, 89M)
|
Batting: LHB Wilson Allen
|
0-0: Ball 1-0: Called Strike 1-1: Foul Ball, location: 2F 1-2: Foul Ball, location: 2F 1-2: Ball 2-2: Strikes out looking
|
Bottom of the 3rd over - 0 runs, 1 hit, 0 errors, 1 left on base; Orlando 0 - Nassau 0 |
TOP OF THE 4TH |
Orlando Calrissian batting - Pitching for Nassau Rockets : LHP Rod Adams
|
Batting: RHB Griswold Coleman
|
0-0: Called Strike 0-1: Ground out 4-3 (Groundball, 4)
|
Batting: RHB Jesús Gonzáles
|
0-0: Ball 1-0: Called Strike 1-1: Ground out 4-3 (Groundball, 4)
|
Batting: RHB Júlio Negrón
|
0-0: Foul Ball, location: 2F 0-1: Ball 1-1: Swinging Strike 1-2: Ball 2-2: Fly out, F4 (Line Drive, 4)
|
Top of the 4th over - 0 runs, 0 hits, 0 errors, 0 left on base; Orlando 0 - Nassau 0 |
BOTTOM OF THE 4TH |
Nassau Rockets batting - Pitching for Orlando Calrissian : LHP Mark Collins
|
Batting: RHB Kenji Kudo
|
0-0: Ball 1-0: Ball 2-0: Called Strike 2-1: Ground out 3-1 (Groundball, 34)
|
Batting: RHB Aaron Wilson
|
0-0: Swinging Strike 0-1: Ball 1-1: DOUBLE (Line Drive, 78D)
|
Batting: LHB Dusty Wilson
|
0-0: Ball 1-0: Called Strike 1-1: Fly out, F4 (Popup, 4D)
|
Batting: RHB Jesús Villalobos
|
0-0: Called Strike 0-1: Ball 1-1: Fly out, F4 (Popup, 34S)
|
Bottom of the 4th over - 0 runs, 1 hit, 0 errors, 1 left on base; Orlando 0 - Nassau 0 |
TOP OF THE 5TH |
Orlando Calrissian batting - Pitching for Nassau Rockets : LHP Rod Adams
|
Pitching: RHP Chris Marshall
|
|
Batting: RHB Sean White
|
0-0: Ball 1-0: Called Strike 1-1: Ground out 6-3 (Groundball, 6)
|
Batting: RHB Keith Sims
|
0-0: Ball 1-0: Ball 2-0: Ball 3-0: Base on Balls
|
Batting: RHB José Pérez
|
0-0: Foul Ball, location: 2F 0-1: Ball 1-1: Grounds into double play, 4-6-3 (Groundball, 4)
|
Top of the 5th over - 0 runs, 0 hits, 0 errors, 0 left on base; Orlando 0 - Nassau 0 |
BOTTOM OF THE 5TH |
Nassau Rockets batting - Pitching for Orlando Calrissian : LHP Mark Collins
|
Pitching: RHP Lance Sanders
|
|
Batting: RHB Ken MacDonald
|
0-0: Ball 1-0: Fly out, F9 (Flyball, 9)
|
Batting: RHB Alejandro Ramírez
|
0-0: Called Strike 0-1: Ball 1-1: Fly out, F4 (Popup, 4D)
|
Batting: LHB Andrew Alvarado
|
0-0: Foul Ball, location: 2F 0-1: Fly out, F5 (Line Drive, 56)
|
Bottom of the 5th over - 0 runs, 0 hits, 0 errors, 0 left on base; Orlando 0 - Nassau 0 |
TOP OF THE 6TH |
Orlando Calrissian batting - Pitching for Nassau Rockets : RHP Chris Marshall
|
Batting: RHB José Rosales
|
0-0: Called Strike 0-1: SINGLE (Line Drive, 34D)
|
Batting: RHB Earl Godwin
|
0-0: Called Strike 0-1: Ball 1-1: Swinging Strike 1-2: Ball 2-2: Strikes out swinging
|
Batting: LHB Zack Payton
|
0-0: Called Strike 0-1: Swinging Strike 0-2: Strikes out swinging
|
Batting: RHB Griswold Coleman
|
0-0: Ball 1-0: Called Strike 1-1: Ball 2-1: Swinging Strike 2-2: Ball José Rosales steals 2nd base 3-2: Ground out 4-3 (Groundball, 4)
|
Top of the 6th over - 0 runs, 1 hit, 0 errors, 1 left on base; Orlando 0 - Nassau 0 |
BOTTOM OF THE 6TH |
Nassau Rockets batting - Pitching for Orlando Calrissian : RHP Lance Sanders
|
Batting: RHB Wallace Greene
|
0-0: Ball 1-0: Ground out 5-3 (Groundball, 56)
|
Batting: LHB Wilson Allen
|
0-0: Swinging Strike 0-1: Ball 1-1: Foul Ball, location: 2F 1-2: Foul Ball, location: 2F 1-2: Foul Ball, location: 2F 1-2: Ball 2-2: Ball 3-2: Base on Balls
|
Batting: RHB Kenji Kudo
|
0-0: Foul Ball, location: 2F 0-1: Hit by Pitch Wilson Allen to second
|
Batting: RHB Aaron Wilson
|
0-0: Ball 1-0: Ball 2-0: Ball 3-0: Called Strike 3-1: Fly out, F9 (Flyball, 89S)
|
Batting: LHB Dusty Wilson
|
0-0: Foul Ball, location: 2F 0-1: Swinging Strike 0-2: Ball Wild Pitch! Wilson Allen to third Kenji Kudo to second 1-2: Ball 2-2: Ball 3-2: Fly out, F8 (Flyball, 78D)
|
Bottom of the 6th over - 0 runs, 0 hits, 0 errors, 2 left on base; Orlando 0 - Nassau 0 |
TOP OF THE 7TH |
Orlando Calrissian batting - Pitching for Nassau Rockets : RHP Chris Marshall
|
Pinch Hitting: RHB Raúl Canó
|
0-0: Foul Ball, location: 2F 0-1: Called Strike 0-2: Ball 1-2: Foul Ball, location: 2F 1-2: Ground out 5-3 (Groundball, 56S)
|
Pinch Hitting: RHB Gabriel Ángel
|
0-0: Ball 1-0: Foul Ball, location: 2F 1-1: Ball 2-1: Ball 3-1: Fly out, F9 (Flyball, 9S)
|
Pinch Hitting: LHB Juan Colón
|
0-0: Fly out, F7 (Flyball, 78D)
|
Top of the 7th over - 0 runs, 0 hits, 0 errors, 0 left on base; Orlando 0 - Nassau 0 |
BOTTOM OF THE 7TH |
Nassau Rockets batting - Pitching for Orlando Calrissian : RHP Lance Sanders
|
Now at 1B: Gabriel Ángel
|
|
Now in LF: Juan Colón
|
|
Now in RF: Raúl Canó
|
|
Pinch Hitting: SHB Edgardo Osorio
|
0-0: Ball 1-0: Foul Ball, location: 2F 1-1: Ball 2-1: Foul Ball, location: 2F 2-2: Foul Ball, location: 2F 2-2: Ball 3-2: Ground out 1-3 (Groundball, 13S)
|
Pinch Hitting: RHB Salvador Borbón
|
0-0: Ball 1-0: Ball 2-0: Ball 3-0: Called Strike 3-1: Base on Balls
|
Pitching: RHP Will Huggins
|
|
Batting: RHB Alejandro Ramírez
|
0-0: Called Strike 0-1: Called Strike 0-2: Ball 1-2: Foul Ball, location: 2F 1-2: Ball 2-2: Fielders Choice at 2nd, 6-4 (Groundball, 6)
|
Pinch Hitting: LHB Juan Romero
|
0-0: Ball 1-0: SINGLE (Line Drive, 89S) Alejandro Ramírez to second
|
Batting: RHB Wallace Greene
|
0-0: Called Strike 0-1: Ball 1-1: SINGLE (Flyball, 78S) Alejandro Ramírez to third Juan Romero to second Runner from 3rd tries for Home, SAFE, no throw
|
Pinch Hitting: RHB Tommy Davenport
|
0-0: Ground out 5-3 (Groundball, 56)
|
Bottom of the 7th over - 1 run, 2 hits, 0 errors, 2 left on base; Orlando 0 - Nassau 1 |
BOTTOM OF THE 8TH |
Nassau Rockets batting - Pitching for Orlando Calrissian : RHP Will Huggins
|
Now at SS: Jason Mason
|
|
Batting: RHB Kenji Kudo
|
0-0: Called Strike 0-1: Swinging Strike 0-2: Ball 1-2: Strikes out looking
|
Batting: RHB Aaron Wilson
|
0-0: Swinging Strike 0-1: DOUBLE (Line Drive, 9D)
|
Batting: RHB Dexter Potter
|
0-0: Called Strike 0-1: Ball 1-1: Ball 2-1: Foul Ball, location: 2F 2-2: Foul Ball, location: 2F 2-2: DOUBLE (Line Drive, 8LXD) Aaron Wilson scores
|
Pitching: RHP Vaughn Stanley
|
|
Batting: SHB Edgardo Osorio
|
0-0: Called Strike 0-1: Ball 1-1: Ground out U3 (Groundball, 34) Dexter Potter to third
|
Batting: RHB Salvador Borbón
|
0-0: Foul Ball, location: 2F 0-1: Called Strike 0-2: Ground out 2-3 (Groundball, 2R)
|
Bottom of the 8th over - 1 run, 2 hits, 0 errors, 1 left on base; Orlando 0 - Nassau 2 |
TOP OF THE 9TH |
Orlando Calrissian batting - Pitching for Nassau Rockets : LHP Dennis Taylor
|
Pitching: RHP Brad Sharpe
|
|
Pinch Hitting: SHB Tim Abbott
|
0-0: Ball 1-0: Swinging Strike 1-1: Swinging Strike 1-2: Ball 2-2: Foul Ball, location: 2F 2-2: Ball 3-2: Fly out, F8 (Flyball, 78D)
|
Batting: RHB Raúl Canó
|
0-0: Ball 1-0: Foul Ball, location: 2F 1-1: Foul Ball, location: 2F 1-2: Strikes out swinging
|
Batting: RHB Gabriel Ángel
|
0-0: Ball 1-0: Ball 2-0: Ball 3-0: Called Strike 3-1: Base on Balls
|
Pinch Runner at 1st Craig Kenney:
|
|
Batting: LHB Juan Colón
|
0-0: Called Strike 0-1: Ball 1-1: Ball 2-1: Ball 3-1: Base on Balls Craig Kenney to second
|
Pinch Hitting: RHB Frederico Hernández
|
0-0: Swinging Strike 0-1: SINGLE (Line Drive, 7S) Craig Kenney to third Juan Colón to second
|
Pinch Hitting: LHB Danny Allen
|
0-0: Ground out 1-3 (Groundball, P)
|
Top of the 9th over - 0 runs, 1 hit, 0 errors, 3 left on base; Orlando 0 - Nassau 2 |
|